 Dungeon Crawl Stone Soup version 0.32-a0-519-g08f29ac1c3 (webtiles) character file.

Game seed: 1754221833595350803

1230 seren the Charlatan (level 8, -10/60 HPs)
             Began as a Coglin Artificer on Feb 27, 2024.
             Killed from afar by a steam dragon (17 damage)
             ... with a ball of steam
             ... on level 6 of the Dungeon.
             The game lasted 00:11:29 (4949 turns).

seren the Charlatan (Coglin Artificer)              Turns: 4949, Time: 00:11:30

Health: -10/60     AC:  6    Str: 12    XL:     8   Next: 48%
Magic:  8/8        EV: 13    Int: 10    God:
Gold:   425        SH:  0    Dex: 18    Spells: 7/7 levels left

rFire   . . .        l - +3 dagger {Katrin}
rCold   . . .        h - +4 rapier (venom) {Haeun}
rNeg    . . .        b - +0 leather armour
rPois   .            (no helmet)
rElec   .            (no cloak)
rCorr   .            (no gloves)
SInv    .            J - +2 pair of boots
Will    .....        (no amulet)
Stlth   ++           (ring unavailable)
HPRegen 0.30/turn    (ring unavailable)
MPRegen 0.11/turn

%: no passive effects
@: invisible, revving
A: off-hand wielding, slow wielding, warmup strikes, no rings
a: no special abilities


You were on level 6 of the Dungeon.
You visited 2 branches of the dungeon, and saw 7 of its levels.

You collected 425 gold pieces.

Inventory:

Hand Weapons
 h - a +4 rapier of venom (offhand) {Haeun}
 l - a +3 dagger (weapon) {Katrin}
 n - a +0 long sword
Missiles
 w - 11 poisoned darts
Armour
 b - a +0 leather armour (worn)
 E - a +0 pair of boots
 J - a +2 pair of boots (worn)
Jewellery
 s - an amulet of faith
Wands
 c - a wand of flame (13) (quivered)
 d - a wand of charming (28)
 e - a wand of iceblast (5)
 C - a wand of mindburst (23)
Scrolls
 a - 2 scrolls of enchant armour
 i - a scroll of torment {unknown}
 m - a scroll of amnesia {unknown}
 o - a scroll of immolation {unknown}
 r - a scroll of blinking {unknown}
 t - a scroll of poison {unknown}
 u - 4 scrolls of teleportation {!r}
 v - a scroll of noise {unknown}
 x - 2 scrolls of fog {unknown}
 y - 2 scrolls of identify
 z - a scroll of revelation {unknown}
 A - a scroll of butterflies {unknown}
 B - 2 scrolls of silence {unknown}
 D - a scroll of fear {unknown}
 G - a scroll of vulnerability {unknown}
Potions
 f - a potion of resistance
 g - 5 potions of curing
 j - 2 potions of magic
 k - 2 potions of invisibility
 p - a potion of cancellation
 q - 2 potions of attraction
 F - 2 potions of brilliance {unknown}
 H - 2 potions of lignification {unknown}
 I - a potion of haste {unknown}


   Skills:
 + Level 4.0 Fighting
 * Level 4.5 Short Blades
 + Level 4.0 Armour
 + Level 3.5 Dodging
 - Level 3.0 Stealth
 - Level 6.0 Evocations


You had 7 spell levels left.
You didn't know any spells.
Your spell library contained the following spells:

 Spells                   Type           Power      Damage    Failure   Level
 Necrotise                Necr           0%         1d4       43%         1
 Sandblast                Erth           0%         2d4       43%         1
 Mercury Vapours          Alch/Air       0%         N/A       58%         2
 Dazzling Flash           Conj/Hex       0%         N/A       82%         3
 Mephitic Cloud           Conj/Alch/Air  0%         N/A       82%         3
 Passwall                 Erth           0%         N/A       82%         3
 Stone Arrow              Conj/Erth      0%         3d7       82%         3
 Vampiric Draining        Necr           0%         2d6       82%         3
 Volatile Blastmotes      Fire/Tloc      0%         2d10      82%         3
 Brom's Barrelling Bould  Conj/Erth      0%         2d3       99%         4
 Martyr's Knell           Necr/Summ      0%         N/A       99%         4
 Curse of Agony           Necr           0%         N/A       100%        5
 Freezing Cloud           Conj/Ice/Air   0%         6-21      100%        5
 Starburst                Conj/Fire      0%         6d3       100%        6
 Maxwell's Capacitive Co  Air            0%         ∞         100%        8


Dungeon Overview and Level Annotations

Branches:
Dungeon (6/15)             Temple (1/1) D:4

Altars:
Ashenzari
Cheibriados
Elyvilon
Fedhas
Hepliaklqana
Kikubaaqudgha
Makhleb
Nemelex Xobeh
Okawaru
Qazlal
Uskayaw
Vehumet
Zin

Shops:
D:1 *

Annotations:
D:5 exclusions: bombardier beetle and orc wizard, Sigmund


Innate Abilities, Weirdness & Mutations

You can wield a second weapon in your off-hand.
It takes a long time for you to wield or remove held weapons.
Your first few attacks do less damage.
Your grasper-arms cannot wear rings.


Message History

You start resting.
HP restored.
There is an open door here.
A steam dragon comes into view.
You see here a scroll of identify.
y - 2 scrolls of identify (gained 1)
Found a quarterstaff.
The steam dragon hisses angrily.
The steam dragon breathes steam at you. The ball of steam hits you!
You are engulfed in a cloud of scalding steam.
You hit the steam dragon but do no damage.
You puncture the steam dragon with your +4 rapier of venom!
The steam dragon is poisoned.
You are engulfed in a cloud of scalding steam.
* * * LOW HITPOINT WARNING * * *
The steam dragon closely misses you.
The steam dragon claws you but does no damage.
The steam dragon bites you.
* * * LOW HITPOINT WARNING * * *
The steam dragon claws you but does no damage.
You closely miss the steam dragon with your +4 rapier of venom.
The steam dragon is moderately wounded.
You hit the steam dragon with your +3 dagger.
The steam dragon breathes steam at you. The ball of steam hits you!!
* * * LOW HITPOINT WARNING * * *
The steam dragon bites you!
* * * LOW HITPOINT WARNING * * *
The steam dragon barely misses you.
You hit the steam dragon but do no damage.
The steam dragon is heavily wounded.
You closely miss the steam dragon with your +3 dagger.
The steam dragon bites you.
* * * LOW HITPOINT WARNING * * *
The steam dragon closely misses you.
You fade into invisibility!
The steam dragon breathes steam at you. The ball of steam hits you!
You die...

#......# #.
##########.## #.
#......###.# #.
#..........# #.
########......#####
#. ..............#
#. ..............#
#. ........D.###.#
# .......@§.# #.#
## ........§.# #..
.. ....)...§.# ####
## ........§.# #.
........§.# #.
.........§# #.
########### ## #.
#.


You could see a steam dragon (unable to see you, very poisoned, catching
breath).

Vanquished Creatures
  An ice beast (D:5)
  A sky beast (D:6)
  A black bear (D:4)
  3 phantoms (D:5)
  3 scorpions
  3 vampire bats (D:3)
  2 hounds
  A gnoll bouda (D:3)
  3 jellies
  An orc priest (D:3)
  An iguana (D:5)
  2 gnolls (D:4)
  4 adders
  A shadow imp (D:6)
  2 white imps
  A ribbon worm (D:4)
  4 dart slugs
  10 orcs
  2 bat skeletons (D:3)
  4 bat zombies (D:3)
  6 endoplasms
  5 giant cockroaches
  6 goblins
  16 hobgoblins
  3 jackals (D:4)
  5 kobolds
  2 quokkas
  12 ball pythons
  4 bats
  3 frilled lizards
  5 rats
117 creatures vanquished.

Notes
Turn   | Place    | Note
-------+----------+-------------------------------------------
     0 | D:1      | seren the Coglin Artificer began the quest for the Orb.
     0 | D:1      | Reached XP level 1. HP: 15/15 MP: 1/1
    91 | D:1      | Reached skill level 1 in Dodging
    95 | D:1      | Reached skill level 1 in Stealth
   166 | D:1      | Reached XP level 2. HP: 21/21 MP: 2/2
   260 | D:1      | Found Becegoe's Assorted Antiques.
   395 | D:1      | Reached XP level 3. HP: 26/26 MP: 3/3
   414 | D:1      | Reached skill level 1 in Short Blades
  1113 | D:2      | Reached XP level 4. HP: 33/33 MP: 4/4
  1549 | D:2      | Found a faded altar of an unknown god.
  1675 | D:3      | Found a hide-covered altar of Uskayaw.
  1850 | D:3      | Found a broken altar of Ashenzari.
  1955 | D:3      | Reached XP level 5. HP: 6/38 MP: 5/5
  2392 | D:3      | Found an ancient bone altar of Kikubaaqudgha.
  2403 | D:3      | Reached XP level 6. HP: 43/46 MP: 6/6
  2619 | D:4      | Found a staircase to the Ecumenical Temple.
  2627 | Temple   | Entered the Ecumenical Temple
  2647 | D:4      | Reached skill level 5 in Evocations
  2732 | D:4      | Noticed a black bear
  2750 | D:4      | Killed a black bear
  2837 | D:4      | Reached XP level 7. HP: 51/51 MP: 7/7
  3396 | D:5      | Entered Level 5 of the Dungeon
  3681 | D:5      | Found a radiant altar of Vehumet.
  3781 | D:5      | Identified the ring of Nubankoo {Wiz rC+ Will+ Slay+5
                  | Stlth+}
  3790 | D:5      | Reached XP level 8. HP: 50/58 MP: 8/8
  4102 | D:5      | Noticed Sigmund
  4254 | D:5      | Reached skill level 6 in Evocations
  4607 | D:6      | Found a white marble altar of Elyvilon.
  4949 | D:6      | Killed from afar by a steam dragon

Illustrated notes

Levels and vault maps discovered:
D:1:      sevenhm_arrival_forest_fort_large_2, layout_basic, serial_rivers,
          chequers_serial_rivers_room_b, chequers_serial_rivers_micro_a,
          chequers_serial_rivers_marsh, chequers_serial_rivers_micro_a,
          serial_shops, nicolae_shop_advertising_works
          [nicolae_subvault_shop_adworks]
D:2:      layout_loops_cross, basic_ecumenical_altar,
          hangedman_abyss_or_decor_lesser_grid
D:3:      layout_loops_ring, ashenzari_altar_1, kennysheep_vampire_church,
          lemuel_doored_altar, chequers_serial_rivers_micro_b,
          small_statue_intersection, minivault_26, glass_columns_a,
          kennysheep_generic_room_8
D:4:      minmay_skewed_foursquare, layout_rooms, temple_fountains,
          solitary_fountain, minivault_27
D:5:      layout_loops_ring, kennysheep_mini_moat, uniq_sigmund
D:6:      layout_basic, mainiacjoe_overflow_small_starburst
Temple:   hellmonk_temple_two_chambers

Skill      XL: |  1  2  3  4  5  6  7  8 |
---------------+-------------------------+-----
Dodging        | 1 2 3 |  3.5
Stealth        | 1 2 3 |  3.0
Armour         | 2 3 4 |  4.0
Short Blades   | 1 2 3 4 |  4.5
Fighting       | 2 3 4 |  4.0
Evocations     | 5 6 |  6.0

Action                     |  1- 3 |  4- 6 |  7- 9 || total
---------------------------+-------+-------+-------++-------
  Melee: Club              |    27 |       |       ||    27
         Rapier            |    52 |    75 |    88 ||   215
         Dagger            |    30 |    72 |    84 ||   186
  Evoke: Wand              |       |       |     2 ||     2
    Use: Potion            |       |     1 |     1 ||     2
         Scroll            |       |     4 |     4 ||     8
   Stab: Sleeping          |     1 |     6 |     3 ||    10
 Armour: Leather armour    |    47 |    51 |    44 ||   142
  Dodge: Dodged            |    30 |    59 |    46 ||   135

Table legend: (Time is in decaauts)
 A = Elapsed time spent in this place.
 B = Non-inter-level travel time spent in this place.
 C = Inter-level travel time spent in this place.
 D = Time resting spent in this place.
 E = Time spent auto-exploring this place.
 F = Levels seen in this place.
 G = Mean time per level.
                   A        B        C        D        E       F      G
               +--------+--------+--------+--------+--------+-----+--------+
         Total |   4961 |   4632 |    329 |    671 |   2824 |   7 |  708.7 |
       Dungeon |   4957 |   4628 |    329 |    671 |   2824 |   6 |  826.2 |
        Temple |      3 |      3 |      0 |      0 |      0 |   1 |    3.0 |
               +--------+--------+--------+--------+--------+-----+--------+

Top non-repeatable levels by time:
     D:3: 1088 daAuts
     D:5: 967 daAuts
     D:1: 902 daAuts
     D:4: 710 daAuts
     D:2: 709 daAuts
     D:6: 578 daAuts
  Temple: 3 daAuts
